[Event "Titled Tuesday Blitz May 11 2021"]
[White "Gritsenko, Nikolai"]
[Black "Jacobson, Brandon"]
[WhiteFideId "14112493"]
[BlackFideId "30901561"]
[WhiteElo "2389"]
[BlackElo "2362"]
[Result "0-1"]
[Round "03"]
[TimeControl "180+1"]
[Date "2021.05.11"]
[WhiteClock "0:00:01"]
[BlackClock "0:00:17"]

1. d4 d5 2. c4 e6 3. Nf3 Nf6 4. Nc3 h6 5. cxd5 exd5 6. Bf4 Bd6 7. Bxd6 Qxd6 8. e3 Bf5 9. Be2 O-O 10. O-O c6 11. Qb3 Qc7 12. Rac1 Qb6 13. Qa3 Nbd7 14. b4 a6 15. Na4 Qc7 16. Nc5 Ne4 17. Qb2 Nb6 18. Nd2 Nd6 19. a4 Qe7 20. Rfe1 Rfe8 21. Bf1 Qf6 22. a5 Nd7 23. Nxd7 Bxd7 24. Nb3 Re7 25. Nc5 Bf5 26. f3 Rae8 27. Qf2 Qg5 28. Rc3 Bc8 29. Ra3 Qf6 30. Bd3 Bf5 31. Bf1 Bg6 32. g4 h5 33. h3 hxg4 34. hxg4 Qg5 35. Qg3 Rxe3 36. Raxe3 Rxe3 37. Rxe3 Qxe3+ 38. Kh2 Nc4 39. Nxb7 Nd2 40. Bg2 Qxd4 41. Nc5 Qxb4 42. Qd6 Kh7 43. Qxc6 Qf4+ 0-1


[Site "https://www.chess.com"]

[Event "Titled Tuesday Blitz May 11 2021"]
[White "Hess, Robert"]
[Black "Gross, Nicholas"]
[WhiteFideId "2022036"]
[BlackFideId "30921961"]
[WhiteElo "2557"]
[BlackElo "1958"]
[Result "1-0"]
[Round "03"]
[TimeControl "180+1"]
[Date "2021.05.11"]
[WhiteClock "0:00:04"]
[BlackClock "0:00:09"]

1. b3 Nf6 2. Bb2 g6 3. h3 Bg7 4. e3 O-O 5. Ne2 c5 6. c4 Nc6 7. Nbc3 d5 8. Nxd5 Nxd5 9. Bxg7 Nxe3 10. fxe3 Kxg7 11. Nc3 Bf5 12. Be2 e5 13. O-O Bd3 14. Nd5 Be4 15. Bf3 Bd3 16. Rf2 e4 17. Qc1 Qd6 18. Be2 Bxe2 19. Rxe2 Rad8 20. Qa3 b6 21. Rf1 f5 22. Rd1 Rf7 23. d3 exd3 24. Rxd3 Qe5 25. Red2 Rfd7 26. Qa4 Qe4 27. Qxc6 Rd6 28. Qa4 R8d7 29. Qa3 h6 30. Qb2+ Kf7 31. Qh8 g5 32. Qh7+ Kf8 33. Qh8+ Kf7 34. Rd1 Kg6 35. Qg8+ Kh5 36. Nf6+ Rxf6 37. Rxd7 Qxe3+ 38. Kh1 g4 39. hxg4+ Kh4 40. R7d3 Qxd3 41. Rxd3 fxg4 42. Qd8 1-0


[Site "https://www.chess.com"]

[Event "Titled Tuesday Blitz May 11 2021"]
[White "Holt, Conrad"]
[Black "Oliveira, Silvio Eduardo"]
[WhiteFideId "2034387"]
[BlackFideId "2111560"]
[WhiteElo "2586"]
[BlackElo "2302"]
[Result "0-1"]
[Round "03"]
[TimeControl "180+1"]
[Date "2021.05.11"]
[WhiteClock "0:00:09"]
[BlackClock "0:01:00"]

1. d4 Nf6 2. c4 e6 3. Nc3 d5 4. cxd5 exd5 5. Bg5 c6 6. e3 h6 7. Bh4 Be7 8. Qc2 O-O 9. Bd3 Re8 10. Nge2 Nh5 11. Bxe7 Qxe7 12. O-O Nd7 13. Rae1 Nf8 14. Nc1 Be6 15. Nb3 Rad8 16. f3 Bc8 17. Qf2 b6 18. e4 Nf4 19. Bb1 Ba6 20. e5 Bxf1 21. Qxf1 N4e6 22. f4 c5 23. Qf3 Nxd4 24. Nxd4 cxd4 25. Nxd5 Qc5 26. Nf6+ gxf6 27. Qg4+ Kh8 28. Bd3 fxe5 29. fxe5 Rxe5 30. Rf1 Rde8 31. Rxf7 Re1+ 32. Kf2 Qg5 33. Qxd4+ Qe5 34. Qxe5+ R1xe5 35. Rxa7 Ne6 36. g3 Nc5 37. Bb5 Ne4+ 38. Kf3 Rxb5 39. b3 Rf5+ 40. Kg4 Rf6 0-1


[Site "https://www.chess.com"]

[Event "Titled Tuesday Blitz May 11 2021"]
[White "Horak, Martin"]
[Black "Sanal, Vahap"]
[WhiteFideId "367095"]
[BlackFideId "6300545"]
[WhiteElo "1997"]
[BlackElo "2507"]
[Result "0-1"]
[Round "03"]
[TimeControl "180+1"]
[Date "2021.05.11"]
[WhiteClock "0:00:03"]
[BlackClock "0:01:47"]

1. e4 d6 2. d4 Nf6 3. Nc3 e5 4. Nf3 Nbd7 5. Bc4 Be7 6. O-O O-O 7. Re1 c6 8. a4 h6 9. h3 Re8 10. b3 exd4 11. Nxd4 Ne5 12. Bf1 d5 13. f4 Bb4 14. Bd2 Qb6 15. Ne2 Bxd2 16. Qxd2 Nxe4 17. Qe3 Ng6 18. f5 Nd6 19. Qf2 Nxf5 20. a5 Qc5 21. b4 Rxe2 22. Nxe2 Qxb4 23. c3 Qd6 24. Nd4 Nfe7 25. Rab1 c5 26. Nb5 Qc6 27. Be2 Be6 28. Bf3 a6 29. Na3 Qa4 30. Nc2 Qxa5 31. Ne3 Qc7 32. Rbd1 Rd8 33. c4 d4 34. Nd5 Nxd5 35. cxd5 Bxd5 36. Bxd5 Rxd5 37. Re8+ Kh7 38. Rde1 d3 39. Rd1 c4 40. Qf3 Qc5+ 41. Kh2 Qd6+ 0-1


[Site "https://www.chess.com"]

[Event "Titled Tuesday Blitz May 11 2021"]
[White "Ibrahimli, Murad"]
[Black "Nozdrachev, Leonid"]
[WhiteFideId "13410229"]
[BlackFideId "24113433"]
[WhiteElo "2109"]
[BlackElo "2246"]
[Result "1-0"]
[Round "03"]
[TimeControl "180+1"]
[Date "2021.05.11"]
[WhiteClock "0:01:13"]
[BlackClock "0:00:01"]

1. Nf3 Nf6 2. d4 e6 3. Bg5 b6 4. Nbd2 h6 5. Bh4 Bb7 6. e3 c5 7. c3 Nc6 8. Bd3 Be7 9. O-O O-O 10. a3 d6 11. Re1 e5 12. dxe5 Nxe5 13. Nxe5 dxe5 14. Bxf6 Bxf6 15. Be4 Qd7 16. Bxb7 Qxb7 17. Qc2 Rad8 18. Ne4 Be7 19. c4 f5 20. Nc3 e4 21. Nd5 Bf6 22. Rad1 Kh8 23. g3 Be5 24. b4 cxb4 25. axb4 Rf7 26. b5 Rfd7 27. Nb4 Rxd1 28. Rxd1 Rxd1+ 29. Qxd1 Qf7 30. Nc6 Bf6 31. Qd5 Qh5 32. Nxa7 Qf3 33. Nc8 h5 34. h4 f4 35. exf4 Bc3 36. Nd6 Be1 37. Nf7+ 1-0


[Site "https://www.chess.com"]

[Event "Titled Tuesday Blitz May 11 2021"]
[White "Ivanisevic, Ivan"]
[Black "Praggnanandhaa R"]
[WhiteFideId "912417"]
[BlackFideId "25059530"]
[WhiteElo "2499"]
[BlackElo "2555"]
[Result "0-1"]
[Round "03"]
[TimeControl "180+1"]
[Date "2021.05.11"]
[WhiteClock "0:00:08"]
[BlackClock "0:00:06"]

1. d4 Nf6 2. c4 Nc6 3. Nc3 e5 4. d5 Ne7 5. e4 Ng6 6. a3 a5 7. Be3 b6 8. f3 Bc5 9. Qd2 O-O 10. O-O-O d6 11. g3 Nd7 12. h4 h5 13. Nge2 Bxe3 14. Qxe3 Nc5 15. g4 hxg4 16. h5 Nf4 17. Nxf4 exf4 18. Qxf4 f5 19. e5 dxe5 20. Qxe5 Qd6 21. f4 Bd7 22. Bg2 Rae8 23. Qxd6 cxd6 24. b4 axb4 25. axb4 Na6 26. b5 Nc5 27. Kd2 Ra8 28. h6 Rfe8 29. hxg7 Kxg7 30. Rh5 Rh8 31. Rdh1 Rxh5 32. Rxh5 Ra3 33. Rh1 Nb3+ 34. Kc2 Na5 35. Kd3 Rb3 36. Re1 Kf6 37. Bf1 Rb4 38. Kd4 Nb3+ 39. Kd3 Nc5+ 40. Kc2 Nb3 41. Kd3 Na5 42. Kd4 Rb2 43. Re2 Nb3+ 44. Kd3 Nc1+ 45. Ke3 Nxe2 46. Bxe2 Rc2 47. Kd3 Rc1 48. Kd2 Rh1 49. Na4 Ke7 50. Nxb6 g3 51. Bf3 Rh2+ 52. Ke3 Ra2 53. c5 dxc5 54. d6+ Kxd6 55. Nc4+ Ke7 56. b6 Bc8 57. Ne5 g2 58. Bxg2 Rxg2 59. Nc6+ Kd6 60. Na7 Bb7 61. Nb5+ Kc6 62. Nc3 Kxb6 63. Ne2 Kc7 64. Kd3 Ba6+ 65. Ke3 Rxe2+ 66. Kf3 Re6 0-1


[Site "https://www.chess.com"]

[Event "Titled Tuesday Blitz May 11 2021"]
[White "Ivic, Velimir"]
[Black "Pajeken, Jakob Leon"]
[WhiteFideId "950122"]
[BlackFideId "12942839"]
[WhiteElo "2509"]
[BlackElo "2024"]
[Result "1-0"]
[Round "03"]
[TimeControl "180+1"]
[Date "2021.05.11"]
[WhiteClock "0:00:16"]
[BlackClock "0:00:26"]

1. d4 d5 2. Bf4 Nf6 3. e3 c5 4. c3 e6 5. Nd2 Nc6 6. Ngf3 Be7 7. Bd3 Nh5 8. Be5 f6 9. Nh4 g6 10. Bg3 Nxg3 11. hxg3 Kf7 12. Qc2 f5 13. Nhf3 b6 14. Bb5 Nb8 15. Ne5+ Kg7 16. g4 Ba6 17. a4 Bxb5 18. axb5 a5 19. bxa6 Rxa6 20. Rxa6 Nxa6 21. gxf5 exf5 22. Qa4 Nc7 23. Ndf3 Qd6 24. O-O Ra8 25. Qc2 c4 26. b3 b5 27. bxc4 bxc4 28. Rb1 Qa6 29. Qb2 Ne8 30. Qb7 Qxb7 31. Rxb7 Kf8 32. Nd7+ Kg8 33. Nb6 Ra1+ 34. Kh2 Bd6+ 35. Ne5 Nf6 36. f3 Re1 37. Nc8 Bf8 38. Rf7 Ne8 39. Ne7+ Bxe7 40. Rxe7 Nf6 41. Nc6 g5 42. Re5 Kf7 43. Rxf5 Rxe3 44. Ne5+ Ke6 45. Rxf6+ Ke7 46. Rh6 Rxc3 47. Rxh7+ Ke8 48. Kg3 Rc1 49. Kg4 c3 50. Kf5 Kd8 51. Ke6 Kc8 52. Kd6 Kb8 53. Rc7 c2 54. Nc6+ 1-0


[Site "https://www.chess.com"]

[Event "Titled Tuesday Blitz May 11 2021"]
[White "Janaszak, Dawid"]
[Black "Pakleza, Zbigniew"]
[WhiteFideId "1119206"]
[BlackFideId "1119290"]
[WhiteElo "2332"]
[BlackElo "2526"]
[Result "1-0"]
[Round "03"]
[TimeControl "180+1"]
[Date "2021.05.11"]
[WhiteClock "0:00:43"]
[BlackClock "0:00:22"]

1. d4 d6 2. Bg5 h6 3. Bf4 Nd7 4. Nc3 e5 5. Bg3 exd4 6. Qxd4 Ngf6 7. e4 g6 8. O-O-O Bg7 9. Nf3 Nh5 10. Qd2 Nxg3 11. hxg3 Nb6 12. e5 Be6 13. exd6 cxd6 14. Nd4 Bg4 15. Bb5+ Kf8 16. Rde1 Qf6 17. Re4 h5 18. Rhe1 Bh6 19. f4 Kg7 20. Re7 Rac8 21. Rxb7 h4 22. Ne4 Qd8 23. Nc6 Rxc6 24. Bxc6 Rf8 25. Qd4+ 1-0


[Site "https://www.chess.com"]

[Event "Titled Tuesday Blitz May 11 2021"]
[White "Jarovinsky, Alexey"]
[Black "Barp, Alberto"]
[WhiteFideId "14115131"]
[BlackFideId "872555"]
[WhiteElo "2446"]
[BlackElo "2229"]
[Result "1-0"]
[Round "03"]
[TimeControl "180+1"]
[Date "2021.05.11"]
[WhiteClock "0:00:38"]
[BlackClock "0:00:41"]

1. Nc3 d5 2. e4 c6 3. g3 dxe4 4. Nxe4 Nf6 5. Bg2 Bf5 6. Qe2 Nxe4 7. Bxe4 Bxe4 8. Qxe4 Qd5 9. d3 Nd7 10. Nf3 Qxe4+ 11. dxe4 e6 12. Be3 Nf6 13. Nd2 Ng4 14. Bd4 e5 15. Bc3 Bc5 16. f3 Ne3 17. Rc1 f6 18. Ke2 O-O-O 19. b3 Rd7 20. a4 g5 21. Nf1 Nxf1 22. Rcxf1 Bd4 23. Be1 h5 24. h4 Rg7 25. Rh2 Kd7 26. hxg5 fxg5 27. Rfh1 Rgh7 28. Bd2 Ke6 29. Bxg5 b5 30. g4 bxa4 31. bxa4 1-0


[Site "https://www.chess.com"]

[Event "Titled Tuesday Blitz May 11 2021"]
[White "Jobava, Baadur"]
[Black "Arabidze, Meri"]
[WhiteFideId "13601520"]
[BlackFideId "13604040"]
[WhiteElo "2748"]
[BlackElo "2432"]
[Result "1-0"]
[Round "03"]
[TimeControl "180+1"]
[Date "2021.05.11"]
[WhiteClock "0:00:14"]
[BlackClock "0:00:02"]

1. e4 c5 2. d4 cxd4 3. c3 d3 4. Bxd3 Nc6 5. f4 d6 6. Nf3 Nf6 7. O-O e6 8. Kh1 Be7 9. Be3 O-O 10. Nbd2 b6 11. Qe2 Bb7 12. Rad1 Qc7 13. Bb1 Rfd8 14. Rfe1 e5 15. a3 exf4 16. Bxf4 Ne5 17. Ba2 Ng6 18. Be3 d5 19. exd5 Bxd5 20. Bxd5 Nxd5 21. Bd4 Bc5 22. Nb3 Ndf4 23. Qc4 Ne6 24. Nxc5 bxc5 25. Bg1 Rab8 26. b4 cxb4 27. Qxc7 Nxc7 28. cxb4 Rxd1 29. Rxd1 a6 30. Rc1 Nb5 31. a4 Nd6 32. Rc6 Ne4 33. Rxa6 f5 34. b5 Rc8 35. b6 Rc1 36. g3 Rb1 37. a5 Ne7 38. Ra7 Nc6 39. Ra8+ Kf7 40. a6 g5 41. a7 g4 42. Rf8+ Kg7 43. a8=Q gxf3 44. Rg8+ Kf6 45. Qf8+ Ke5 46. Qe8+ Kd5 47. Qd7+ Nd6 48. Rf8 f2 49. Rxf5+ 1-0


[Site "https://www.chess.com"]

[Event "Titled Tuesday Blitz May 11 2021"]
[White "Kamsky, Gata"]
[Black "Vakhlamov, Igor L."]
[WhiteFideId "2000024"]
[BlackFideId "24126748"]
[WhiteElo "2644"]
[BlackElo "2405"]
[Result "1-0"]
[Round "03"]
[TimeControl "180+1"]
[Date "2021.05.11"]
[WhiteClock "0:00:19"]
[BlackClock "0:00:06"]

1. e4 c5 2. Nf3 Nc6 3. d4 cxd4 4. Nxd4 g6 5. c4 Nf6 6. Nc3 d6 7. Be2 Nxd4 8. Qxd4 Bg7 9. O-O O-O 10. Qe3 Be6 11. Bd2 a6 12. a4 Rc8 13. b3 Ng4 14. Bxg4 Bxg4 15. h3 Be6 16. Rad1 Re8 17. f4 Bd7 18. Nd5 b5 19. cxb5 axb5 20. a5 Bc6 21. Nb6 Rb8 22. Rc1 Bb7 23. b4 e6 24. Bc3 Bxc3 25. Rxc3 d5 26. Rd1 Qe7 27. exd5 Qxb4 28. d6 Qxa5 29. Nd7 b4 30. Rc7 Qa2 31. Rd2 Qa1+ 32. Kh2 Bd5 33. Nxb8 Rxb8 34. d7 Qa8 35. Rdc2 b3 36. Rc8+ Kg7 37. Qe5+ f6 38. Qxb8 Qxb8 39. Rxb8 bxc2 40. d8=Q c1=Q 41. Qf8# 1-0


[Site "https://www.chess.com"]

[Event "Titled Tuesday Blitz May 11 2021"]
[White "Kazakouski, Valery"]
[Black "Nakamura, Hikaru"]
[WhiteFideId "13507443"]
[BlackFideId "2016192"]
[WhiteElo "2719"]
[BlackElo "3186"]
[Result "0-1"]
[Round "03"]
[TimeControl "180+1"]
[Date "2021.05.11"]
[WhiteClock "0:00:20"]
[BlackClock "0:01:26"]

1. d4 g6 2. e4 Bg7 3. Nc3 a6 4. a4 d6 5. g3 b6 6. Bg2 Bb7 7. Nge2 c5 8. Be3 cxd4 9. Bxd4 Nf6 10. O-O e5 11. Be3 O-O 12. Nc1 Qc7 13. N1a2 Nc6 14. h3 Bc8 15. Qd2 Be6 16. Rfd1 Rfd8 17. Nd5 Bxd5 18. exd5 Ne7 19. b3 Rac8 20. c4 a5 21. Nc3 Nf5 22. Nb5 Qb7 23. Bg5 h6 24. Bxf6 Bxf6 25. Be4 Ne7 26. Qxh6 Bg7 27. Qd2 f5 28. Bc2 Qd7 29. Qe2 Kf7 30. Kg2 Rh8 31. h4 Ng8 32. Qe3 Rb8 33. Rh1 Nf6 34. Rae1 Qd8 35. Qf3 Qd7 36. Qe2 Rbe8 37. Qe3 Qd8 38. Qf3 Kg8 39. h5 e4 40. Qf4 Nxh5 41. Qxd6 Qg5 42. Rh4 Be5 43. Qd7 Re7 44. Rxh5 Qxh5 0-1


[Site "https://www.chess.com"]

[Event "Titled Tuesday Blitz May 11 2021"]
[White "Keymer, Vincent"]
[Black "Annaberdiyev, Babageldi"]
[WhiteFideId "12940690"]
[BlackFideId "14000385"]
[WhiteElo "2474"]
[BlackElo "2332"]
[Result "1-0"]
[Round "03"]
[TimeControl "180+1"]
[Date "2021.05.11"]
[WhiteClock "0:00:07"]
[BlackClock "0:00:20"]

1. Nf3 c5 2. c4 Nc6 3. Nc3 g6 4. e3 Nf6 5. d4 cxd4 6. exd4 d5 7. cxd5 Nxd5 8. Qb3 Nxc3 9. Bc4 Nd5 10. Bxd5 e6 11. Bxc6+ bxc6 12. O-O Bg7 13. Qa3 Qe7 14. Qxe7+ Kxe7 15. Bg5+ f6 16. Be3 g5 17. Rfc1 Bd7 18. Nd2 h6 19. Nc4 f5 20. f3 Rhb8 21. b3 c5 22. dxc5 Bxa1 23. Rxa1 Bb5 24. Nd6 Bc6 25. Re1 Bd5 26. Bd4 Kd7 27. Nf7 a5 28. Nxh6 a4 29. Nf7 axb3 30. axb3 Rxb3 31. Nxg5 Ra2 32. h4 Rd3 33. Be3 Ke7 34. Nh3 Kf7 35. h5 Rc3 36. h6 Kg6 37. Nf4+ Kh7 38. Nxd5 exd5 39. Bf4 Ra7 40. Re8 Rxc5 41. Be3 Ra1+ 42. Kh2 Rc7 43. Bd4 Ra6 44. Rh8+ Kg6 45. Be5 Re7 46. f4 Rxe5 47. fxe5 d4 48. Kg3 d3 49. Rd8 Kxh6 50. Rxd3 Kg5 51. Kf3 Re6 52. Rd5 Kg6 53. Kf4 Re7 54. Rd6+ Kg7 55. Kxf5 Rf7+ 56. Rf6 Ra7 57. g4 Ra2 58. Rg6+ Kf7 59. Rb6 Ke7 60. Rb7+ Kd8 61. g5 Rg2 62. g6 Kc8 63. Rf7 Rf2+ 64. Ke6 Rg2 65. g7 Kd8 66. Rf8+ 1-0


[Site "https://www.chess.com"]

[Event "Titled Tuesday Blitz May 11 2021"]
[White "Kobalia, Mikhail"]
[Black "Stearman, Josiah"]
[WhiteFideId "4119150"]
[BlackFideId "2062496"]
[WhiteElo "2569"]
[BlackElo "2384"]
[Result "1/2-1/2"]
[Round "03"]
[TimeControl "180+1"]
[Date "2021.05.11"]
[WhiteClock "0:00:13"]
[BlackClock "0:00:40"]

1. e4 c5 2. Nf3 Nc6 3. Bb5 Na5 4. d3 a6 5. Bc4 e6 6. Nc3 Nf6 7. O-O Be7 8. a4 O-O 9. e5 Ne8 10. Bf4 d5 11. exd6 Bxd6 12. Qc1 Nxc4 13. dxc4 Qc7 14. Bg3 b6 15. a5 Bb7 16. axb6 Qxb6 17. Ne5 Nf6 18. Rd1 Rad8 19. Qe3 Bxe5 20. Qxe5 Qxb2 21. Rdb1 Qxc2 22. Rxb7 Rd3 23. Rb8 Qxc3 24. Rxf8+ Kxf8 25. Qxc5+ Ke8 26. Rb1 Qb3 27. Qc8+ Ke7 28. Qc5+ Ke8 29. Qc8+ Ke7 30. Qc5+ Ke8 1/2-1/2


[Site "https://www.chess.com"]

[Event "Titled Tuesday Blitz May 11 2021"]
[White "Kovalev, Vladislav"]
[Black "Ohanyan, Emin"]
[WhiteFideId "13504398"]
[BlackFideId "13312022"]
[WhiteElo "2573"]
[BlackElo "1648"]
[Result "1-0"]
[Round "03"]
[TimeControl "180+1"]
[Date "2021.05.11"]
[WhiteClock "0:00:17"]
[BlackClock "0:00:03"]

1. e4 e5 2. Nf3 Nc6 3. Bb5 a6 4. Ba4 d6 5. O-O Bd7 6. d4 b5 7. Bb3 Nxd4 8. Nxd4 exd4 9. c3 dxc3 10. Qh5 g6 11. Qd5 Be6 12. Qc6+ Bd7 13. Qxc3 Nf6 14. e5 dxe5 15. Qxe5+ Qe7 16. Qxc7 Bg7 17. Bf4 Rc8 18. Qb6 Rc6 19. Qb8+ Rc8 20. Qb7 O-O 21. Nc3 Qb4 22. Be5 Bc6 23. Qxa6 Nh5 24. Bxg7 Kxg7 25. Nd5 Qg4 26. Ne3 Qg5 27. Rac1 Nf4 28. Rxc6 Nh3+ 29. Kh1 Nxf2+ 30. Rxf2 Qxe3 31. Rf1 Qe2 32. Rcf6 Qxb2 33. h3 Rc1 34. Qxb5 Rxf1+ 35. Rxf1 Qd4 36. Qd5 Qb2 37. Rxf7+ Rxf7 38. Qxf7+ Kh6 39. Qf8+ Kh5 40. Qf3+ Kh6 41. Kh2 Qe5+ 42. Qg3 Qa1 43. h4 Kg7 44. Qf4 Qc3 45. Bc4 Qa5 46. Qf7+ Kh6 47. Qf4+ Kg7 48. Be6 Qa3 49. Qf7+ Kh6 50. Qf4+ Kg7 51. Bh3 Qxa2 52. Qe5+ Kh6 53. Qg5+ Kg7 54. Qe7+ Kh6 55. Qe3+ Kg7 56. Qg3 Qa1 57. Bg4 Qf6 58. Bf3 Qc3 59. Qf4 Qa1 60. Bd5 Qb2 61. Qf7+ Kh6 62. Qf8+ Kh5 63. Bf3+ Kxh4 64. Qh6# 1-0


[Site "https://www.chess.com"]

[Event "Titled Tuesday Blitz May 11 2021"]
[White "Le, Tuan Minh"]
[Black "Riehle, Marco"]
[WhiteFideId "12401153"]
[BlackFideId "12904392"]
[WhiteElo "2450"]
[BlackElo "2505"]
[Result "1-0"]
[Round "03"]
[TimeControl "180+1"]
[Date "2021.05.11"]
[WhiteClock "0:00:32"]
[BlackClock "0:00:02"]

1. d4 d5 2. Nf3 e6 3. Bf4 Bd6 4. e3 c5 5. c3 Bxf4 6. exf4 cxd4 7. cxd4 Nf6 8. Nc3 O-O 9. Bd3 b6 10. Qe2 a5 11. O-O Ba6 12. Bxa6 Nxa6 13. Rac1 Nc7 14. Rc2 Nce8 15. Rfc1 Nd6 16. Nb5 Nfe4 17. Ne5 f6 18. Nxd6 Nxd6 19. Nf3 Re8 20. g3 Ra7 21. Rc6 Ree7 22. b3 Kf7 23. Ne5+ fxe5 24. Rxd6 Qb8 25. Qh5+ Kg8 26. Rdc6 Re8 27. Rxb6 Qd8 28. Rd6 Qe7 29. fxe5 g6 30. Qg4 Rd7 31. Rcc6 Rxd6 32. Rxd6 Qf7 33. h4 h5 34. Qg5 Rc8 35. Rd8+ Rxd8 36. Qxd8+ Kh7 37. Qxa5 g5 38. hxg5 h4 39. Qc3 hxg3 40. Qxg3 Kg6 41. Qd3+ Kg7 42. Qh3 Qg6 43. Qh6+ 1-0


[Site "https://www.chess.com"]

[Event "Titled Tuesday Blitz May 11 2021"]
[White "Livaic, Leon"]
[Black "Stocek, Jiri"]
[WhiteFideId "14531534"]
[BlackFideId "304760"]
[WhiteElo "2540"]
[BlackElo "2409"]
[Result "1-0"]
[Round "03"]
[TimeControl "180+1"]
[Date "2021.05.11"]
[WhiteClock "0:00:41"]
[BlackClock "0:00:14"]

1. c4 e5 2. g3 Nc6 3. Bg2 Bc5 4. Nc3 d6 5. e3 Bf5 6. d3 h6 7. a3 a5 8. Nge2 Nf6 9. O-O O-O 10. b3 Re8 11. Bb2 Qd7 12. Qd2 Bh3 13. Rfe1 Bxg2 14. Kxg2 Ba7 15. h3 Ne7 16. d4 Rad8 17. Rad1 exd4 18. Nxd4 d5 19. Ncb5 Bb6 20. Nf3 Ne4 21. Qc2 Qf5 22. cxd5 Nxd5 23. Nbd4 Qg6 24. Nh4 Qh5 25. Ndf5 Ndf6 26. Rxd8 Rxd8 27. Nxg7 Rd2 28. Nxh5 Rxc2 29. Nxf6+ Nxf6 30. Bxf6 1-0


[Site "https://www.chess.com"]

[Event "Titled Tuesday Blitz May 11 2021"]
[White "Lobanov, Sergei"]
[Black "Erdogdu, Mert"]
[WhiteFideId "24183750"]
[BlackFideId "6301495"]
[WhiteElo "2392"]
[BlackElo "2485"]
[Result "1-0"]
[Round "03"]
[TimeControl "180+1"]
[Date "2021.05.11"]
[WhiteClock "0:00:06"]
[BlackClock "0:00:05"]

1. e4 c5 2. Nf3 d6 3. d4 cxd4 4. Nxd4 Nf6 5. Nc3 a6 6. Bg5 e6 7. f4 Qb6 8. Qd3 Nc6 9. O-O-O Qxd4 10. Qxd4 Nxd4 11. Rxd4 Be7 12. Be2 Bd7 13. e5 dxe5 14. fxe5 Nd5 15. Ne4 Bxg5+ 16. Nxg5 Bc6 17. Bf3 Ke7 18. Rhd1 h6 19. Ne4 Rhd8 20. Nd6 f6 21. Nc4 f5 22. Na5 Rac8 23. a3 g5 24. c4 g4 25. Nxc6+ bxc6 26. Bxg4 fxg4 27. cxd5 cxd5+ 28. Kb1 h5 29. h3 Rg8 30. hxg4 hxg4 31. Rh1 Rg7 32. Rh6 Rc4 33. Rxc4 dxc4 34. Kc2 Rg5 35. Rh7+ Kd8 36. Rh4 Kd7 37. Kc3 Kc6 38. Kxc4 Rxe5 39. Rxg4 Re2 40. Kc3 Kd5 41. Rd4+ Ke5 42. Ra4 Rxg2 43. Rxa6 Kd5 44. Ra5+ Ke4 45. b4 e5 46. b5 Kd5 47. Ra6 Rg3+ 48. Kb4 e4 49. Ra8 e3 50. Rd8+ Ke4 51. Re8+ Kd3 52. a4 Rg4+ 53. Kc5 Re4 54. Rd8+ Kc2 55. Rh8 e2 56. Rh1 e1=Q 57. Rxe1 Rxe1 58. b6 Re5+ 59. Kd6 Ra5 60. b7 Rxa4 61. b8=Q Rc4 62. Kd5 Rc3 63. Qh2+ Kb3 64. Qd2 Rc4 65. Qd3+ Rc3 66. Qb5+ Kc2 67. Kd4 Rb3 68. Qe2+ Kb1 69. Kc4 Ra3 70. Kb4 Ra2 71. Qd1+ Kb2 72. Qd4+ Kb1 73. Kb3 Rc2 74. Qd1+ Rc1 75. Qd3+ Ka1 76. Qa6+ Kb1 77. Qa2# 1-0


[Site "https://www.chess.com"]

[Event "Titled Tuesday Blitz May 11 2021"]
[White "Malka, Samuel"]
[Black "Indjic, Aleksandar"]
[WhiteFideId "20643675"]
[BlackFideId "911925"]
[WhiteElo "2454"]
[BlackElo "2643"]
[Result "0-1"]
[Round "03"]
[TimeControl "180+1"]
[Date "2021.05.11"]
[WhiteClock "0:00:10"]
[BlackClock "0:00:57"]

1. d4 Nf6 2. c4 c5 3. d5 e6 4. Nc3 exd5 5. cxd5 d6 6. Nf3 g6 7. g3 Bg7 8. Bg2 O-O 9. O-O Re8 10. Bf4 Na6 11. Nd2 Nh5 12. Be3 Rxe3 13. fxe3 Nc7 14. Nc4 b6 15. Ne4 Ne8 16. Qa4 Bd7 17. Qa6 Bc8 18. Qa4 Bb7 19. Rad1 a6 20. Qa3 Nhf6 21. b4 Nxe4 22. Bxe4 Rc8 23. Bd3 Qe7 24. e4 b5 25. Na5 c4 26. Bc2 Be5 27. Qf3 Nf6 28. a4 h5 29. Kg2 Kg7 30. e3 Ba8 31. axb5 axb5 32. Rd2 h4 33. g4 Nh7 34. h3 Bc3 35. Rdf2 Ng5 36. Qe2 Bxb4 37. Nc6 Rxc6 38. dxc6 Bxc6 39. Rf4 Bc3 40. Bb1 Be5 41. Kh2 c3 42. Bd3 b4 43. Bc4 Bxe4 44. Kg1 d5 45. Bxd5 Bxd5 46. Qb5 Bxf4 47. exf4 Qe3+ 48. Rf2 Nxh3+ 0-1


[Site "https://www.chess.com"]

[Event "Titled Tuesday Blitz May 11 2021"]
[White "Martinez Alcantara, Jose Eduardo"]
[Black "Aditya Mittal"]
[WhiteFideId "3805662"]
[BlackFideId "35042025"]
[WhiteElo "2690"]
[BlackElo "2171"]
[Result "1-0"]
[Round "03"]
[TimeControl "180+1"]
[Date "2021.05.11"]
[WhiteClock "0:00:11"]
[BlackClock "0:00:03"]

1. e4 c5 2. Nf3 d6 3. c3 Nf6 4. h3 g6 5. Bd3 Bg7 6. Bc2 e5 7. d4 cxd4 8. cxd4 exd4 9. Nxd4 O-O 10. O-O Nc6 11. Nxc6 bxc6 12. Nc3 d5 13. Bg5 h6 14. Be3 Be6 15. e5 Nd7 16. f4 Rb8 17. Rb1 Qa5 18. a3 Nb6 19. Bd3 d4 20. Bxd4 Rfd8 21. Ne2 Rxd4 22. Nxd4 Qc5 23. Bxg6 Rd8 24. Rc1 Qxd4+ 25. Qxd4 Rxd4 26. Bb1 Bd5 27. Rcd1 Rxd1 28. Rxd1 Nc4 29. b4 Nxa3 30. Bd3 Bf8 31. b5 cxb5 32. Bxb5 Bxg2 33. Kxg2 Nxb5 34. Rd8 Kg7 35. Ra8 Bc5 36. Kf3 Bb6 37. f5 Nc7 38. Rb8 Nd5 39. h4 h5 40. Rb7 Kg8 41. Rd7 Nc3 42. Rd3 Nb5 43. Ke4 Kf8 44. f6 Ke8 45. Rg3 Kd7 46. Kf5 Nd4+ 47. Kg5 Ke6 48. Kxh5 Kxe5 49. Rg8 Kxf6 50. Kg4 Nf5 51. Rb8 Nxh4 52. Kxh4 Ke5 53. Kg3 f5 54. Kf3 Kf6 55. Rb7 Ke6 56. Rb8 Ke5 57. Re8+ Kf6 58. Re2 Kg5 59. Rg2+ Kf6 60. Rc2 Kg5 61. Rc1 Kf6 62. Kf4 Ke6 63. Rc2 Kd5 64. Kxf5 Kd4 65. Ke6 Kd3 66. Rc6 Kd4 67. Kd6 Kd3 68. Kd5 Be3 69. Ra6 Bb6 70. Ra3+ Kc2 71. Kc4 Kd2 72. Rh3 Ke2 73. Rb3 Be3 74. Kd5 Kf3 75. Ke5 Ke2 76. Ke4 Bd2 77. Rh3 a5 78. Rh2+ Kd1 79. Kd3 Be1 80. Ra2 Kc1 81. Ra1+ Kb2 82. Rxe1 a4 83. Kc4 a3 84. Re2+ Kb1 85. Kb3 1-0


[Site "https://www.chess.com"]

[Event "Titled Tuesday Blitz May 11 2021"]
[White "Matlakov, Maxim"]
[Black "Chasin, Nico"]
[WhiteFideId "4168003"]
[BlackFideId "30908477"]
[WhiteElo "2760"]
[BlackElo "2135"]
[Result "1-0"]
[Round "03"]
[TimeControl "180+1"]
[Date "2021.05.11"]
[WhiteClock "0:01:04"]
[BlackClock "0:00:01"]

1. c4 e5 2. Nc3 Nf6 3. Nf3 Nc6 4. d3 d5 5. cxd5 Nxd5 6. e3 Be6 7. Be2 Qd7 8. Ng5 Bb4 9. Nxe6 Nxc3 10. Nxg7+ Kf8 11. bxc3 Bxc3+ 12. Bd2 Bxa1 13. Nh5 Qd5 14. Qxa1 Qxg2 15. Rf1 Qxh2 16. Qb2 Rb8 17. Qa3+ Ke8 18. Nf6+ Kd8 19. Qc5 Qg2 20. Bc3 Qg5 21. Qd5+ Ke7 22. Ne4 Qg6 23. f4 Rhd8 24. Qc5+ Ke8 25. fxe5 Ne7 26. Nf6+ Kf8 27. e6 Qg3+ 28. Kd2 Qd6 29. Qg5 Qxe6 30. Qh6# 1-0


[Site "https://www.chess.com"]

[Event "Titled Tuesday Blitz May 11 2021"]
[White "Mazi, Leon"]
[Black "Samadov, Read"]
[WhiteFideId "14600315"]
[BlackFideId "13417444"]
[WhiteElo "2333"]
[BlackElo "2084"]
[Result "1-0"]
[Round "03"]
[TimeControl "180+1"]
[Date "2021.05.11"]
[WhiteClock "0:00:28"]
[BlackClock "0:00:41"]

1. e4 e6 2. d4 d5 3. Nd2 Nf6 4. e5 Nfd7 5. Ndf3 c5 6. c3 Nc6 7. Bd3 Qb6 8. Ne2 f6 9. exf6 Nxf6 10. O-O cxd4 11. cxd4 Bd6 12. b3 Qc7 13. Bb2 O-O 14. Rc1 Bd7 15. Ne5 Bxe5 16. dxe5 Ng4 17. Nd4 Ngxe5 18. Bb1 Ng6 19. Nxc6 Bxc6 20. Qh5 Qf7 21. Rc3 Be8 22. Rf3 Qe7 23. Rh3 Rf4 24. Qxh7+ Kf8 25. Bxg6 Bxg6 26. Qxg6 Kg8 27. Qh7+ Kf8 28. Qh8+ Kf7 29. Qxg7+ Ke8 30. Rh8+ Kd7 31. Qxe7+ Kxe7 32. Rxa8 1-0


[Site "https://www.chess.com"]